 Dungeon Crawl Stone Soup version 0.29-a0-582-ge82337ba6a (webtiles) character file.

Game seed: 6199685964602250343

581 happo123 the Ruffian (level 7, -7/65 HPs)
             Began as a Troll Transmuter on June 14, 2022.
             Was a Follower of Wu Jian.
             Engulfed by a cloud of flame (20 damage)
             ... on level 5 of the Dungeon.
             The game lasted 00:13:52 (3278 turns).

happo123 the Ruffian (Troll Transmuter)             Turns: 3278, Time: 00:13:52

Health: -7/65      AC:  5    Str: 19    XL:     7   Next: 13%
Magic:  9/9        EV: 10    Int: 11    God:    Wu Jian [*.....]
Gold:   362        SH:  5    Dex: 10    Spells: 7/10 levels left

rFire   . . .      SeeInvis .     - Unarmed
rCold   . . .      Faith    .   (no shield)
rNeg    . . .      Spirit   .   a - +0 robe
rPois   +          Reflect  +   (helmet restricted)
rElec   .          Harm     .   e - +0 cloak
rCorr   .          Rampage  .   (gloves unavailable)
Will    .....                   (boots unavailable)
Stlth   +.........              j - amulet of reflection
HPRegen 1.00/turn               r - ring of poison resistance
MPRegen 0.11/turn               (no ring)

@: no status effects
A: large, unfitting armour, claws 3, regeneration 1, shaggy fur 1, tough skin 1
a: Renounce Religion


You were on level 5 of the Dungeon.
You worshipped Wu Jian.
Wu Jian was aware of your devotion.
You visited 2 branches of the dungeon, and saw 6 of its levels.

You collected 362 gold pieces.

Inventory:

Hand Weapons
 f - a +1 mace of holy wrath
Armour
 a - a +0 robe (worn)
 e - a +0 cloak (worn)
Jewellery
 j - an amulet of reflection (around neck)
 r - a ring of poison resistance (left claw)
Scrolls
 c - 3 scrolls of teleportation {unknown}
 d - 6 scrolls of identify {unknown}
 g - 3 scrolls of immolation {unknown}
 i - 4 scrolls of amnesia {unknown}
 k - a scroll of torment {unknown}
 l - a scroll of poison {unknown}
 m - a scroll of enchant weapon {unknown}
 o - a scroll of brand weapon {unknown}
 q - 3 scrolls of noise {unknown}
 t - 2 scrolls of blinking {unknown}
 u - a scroll of vulnerability {unknown}
Potions
 b - a potion of lignification
 h - 2 potions of flight {unknown}
 n - 4 potions of curing {unknown}
 p - 3 potions of mutation {unknown}
 s - 3 potions of cancellation {unknown}
 v - 2 potions of berserk rage {unknown}


   Skills:
 + Level 2.1 Fighting
 + Level 2.6 Dodging
 * Level 5.0 Unarmed Combat
 + Level 2.1 Spellcasting
 * Level 3.1 Transmutations
 + Level 1.3 Ice Magic


You had 7 spell levels left.
You knew the following spells:

 Your Spells              Type           Power      Damage    Failure   Level
a - Beastly Appendage     Tmut           16%        N/A       8%          1
b - Wereblood             Tmut           8%         N/A       12%         2

Your spell library contained the following spells:

 Spells                   Type           Power      Damage    Failure   Level
 Spider Form              Tmut/Pois      4%         N/A       41%         3
 Ice Form                 Ice/Tmut       6%         N/A       75%         4


Dungeon Overview and Level Annotations

Branches:
Dungeon (5/15)             Temple (1/1) D:4

Altars:
Ashenzari
Cheibriados
Dithmenos
Elyvilon
Fedhas
Gozag
Hepliaklqana
Kikubaaqudgha
Makhleb
Nemelex Xobeh
Okawaru
Qazlal
Ru
Sif Muna
Trog
Vehumet
Wu Jian
Xom
Yredelemnul
Zin
The Shining One

Shops:
D:2 (


Innate Abilities, Weirdness & Mutations

You are too large for most types of armour.
You have claws for hands.
Your natural rate of healing is unusually fast.
You are covered in fur. (AC +1)
You have tough skin. (AC +1)


Message History

You have reached level 7!
You lunge at the scorpion.
You claw the scorpion! Your kick misses the scorpion.
The scorpion is almost dead.
Your transformation is almost over.
The scorpion stings you but does no damage.
You scratch the scorpion.
You kill the scorpion!
The Council accepts your kill.
Found 16 gold pieces.
Your horns disappear.
Your talons disappear.
An adder comes into view.
You claw the adder!
You kill the adder!
The Council accepts your kill.
Your Unarmed Combat skill increases to level 5!
A white imp comes into view.
Found 19 gold pieces.
The white imp shouts!
The white imp summons a swarm of flies.
The white imp is engulfed in blazing flames.
The white imp dies!
Really walk into a travel-excluded area?
You are engulfed in blazing flames.
You are engulfed in blazing flames.
You are engulfed in blazing flames.
* * * LOW HITPOINT WARNING * * *
You now have 327 gold pieces (gained 19).
You now have 333 gold pieces (gained 6).
You now have 343 gold pieces (gained 10).
You now have 362 gold pieces (gained 19).
You start resting.
HP restored.
Really walk into a travel-excluded area?
You are engulfed in blazing flames.
You are engulfed in blazing flames.
You are engulfed in blazing flames.
* * * LOW HITPOINT WARNING * * *
You are engulfed in blazing flames.
You die...

#.#......##
#.#####...# #.#
#○○°# # #.# #○..#
.# #.# #§§.# .#
#.#####...#####.#
#...☼○.....§○☼..#
#..§.☼.....§§○..#
##.☼○§.....§§@..#
######...#####.#
#○☼§# # #§.§#
#○°☼# #...# ##...
#####


There were no monsters in sight!

Vanquished Creatures
  A phantom (D:5)
  A necrophage (D:5)
  4 scorpions
  A wight (D:3)
  2 hounds
  8 adders
  2 worms (D:3)
  2 dart slugs
  9 orcs
  5 endoplasms
  3 giant cockroaches
  8 hobgoblins
  3 jackals (D:4)
  2 kobolds
  3 quokkas
  9 ball pythons
  4 bats
  4 goblins
  3 rats
74 creatures vanquished.

Vanquished Creatures (others)
  A white imp (D:5)
  A fungus (D:2)
  4 toadstools (D:2)
6 creatures vanquished.

Grand Total: 80 creatures vanquished

Notes
Turn   | Place    | Note
-------+----------+-------------------------------------------
     0 | D:1      | happo123 the Troll Transmuter began the quest for the Orb.
     0 | D:1      | Reached XP level 1. HP: 18/18 MP: 1/1
   121 | D:1      | Found a faded altar of an unknown god.
   579 | D:2      | Reached XP level 2. HP: 26/26 MP: 0/2
   703 | D:2      | Found Inyrok's Weapon Boutique.
   758 | D:2      | Reached skill level 1 in Fighting
   810 | D:2      | Reached XP level 3. HP: 33/33 MP: 4/4
   813 | D:2      | Learned a level 2 spell: Wereblood
  1441 | D:3      | Found a glowing silver altar of Zin.
  1619 | D:3      | Reached XP level 4. HP: 41/41 MP: 5/5
  1690 | D:3      | Reached skill level 4 in Unarmed Combat
  1690 | D:3      | Reached XP level 5. HP: 5/48 MP: 3/6
  1965 | D:4      | Found a hazy altar of Hepliaklqana.
  1969 | D:4      | Found a stormy altar of Qazlal.
  1969 | D:4      | Found a snail-covered altar of Cheibriados.
  1970 | D:4      | Found a basalt altar of Yredelemnul.
  1971 | D:4      | Found a shimmering blue altar of Sif Muna.
  1971 | D:4      | Found a sacrificial altar of Ru.
  1972 | D:4      | Found a white marble altar of Elyvilon.
  1973 | D:4      | Found a burning altar of Makhleb.
  1973 | D:4      | Found an opulent altar of Gozag.
  1978 | D:4      | Found an ornate altar of the Wu Jian Council.
  2012 | D:4      | Became a worshipper of the Wu Jian Council
  2130 | D:4      | Found a staircase to the Ecumenical Temple.
  2201 | Temple   | Entered the Ecumenical Temple
  2502 | D:4      | Reached XP level 6. HP: 57/57 MP: 3/7
  2649 | D:4      | Reached skill level 1 in Ice Magic
  2941 | D:5      | Entered Level 5 of the Dungeon
  2958 | D:5      | Reached * piety under Wu Jian
  3172 | D:5      | Reached XP level 7. HP: 51/65 MP: 7/9
  3199 | D:5      | Reached skill level 5 in Unarmed Combat
  3278 | D:5      | Engulfed by a cloud of flame

Illustrated notes

Levels and vault maps discovered:
D:1:      sevenhm_arrival_forest_fort_small_3, layout_rooms,
          dreamdust_ecumenical_altar_angels_and_demons
D:2:      layout_loops_ring, serial_shops, shop, st_stairs_13,
          minmay_gold_behind_fungi
D:3:      layout_basic, zin_statuary, kennysheep_cross_room, solitary_fountain,
          minmay_divided_ellipse
D:4:      layout_loops_ring, nicolae_overflows_in_rows,
          minmay_temple_entry_statues, chequers_serial_rivers_micro_e,
          serial_park_tiny_2, bh_walls_and_bars
D:5:      layout_basic, lemuel_flame_loot_1
Temple:   jpeg_temple_alley_garden

Skill      XL: |  1  2  3  4  5  6  7 |
---------------+----------------------+-----
Fighting       | 1 2 |  2.1
Transmutations | 2 3 |  3.1
Dodging        | 2 |  2.6
Unarmed Combat | 4 5 |  5.0
Ice Magic      | 1 |  1.3
Spellcasting   | 2 |  2.1

Action                   |  1- 3 |  4- 6 |  7- 9 || total
-------------------------+-------+-------+-------++-------
Melee: Unarmed           |   102 |    95 |     3 ||   200
       Kick              |     9 |    18 |       ||    27
       Headbutt          |     4 |     4 |       ||     8
       Punch             |     1 |     1 |       ||     2
 Cast: Beastly Appendage |     7 |    15 |       ||    22
       Wereblood         |       |     5 |       ||     5
Invok: Lunge             |       |     4 |     1 ||     5
       Whirlwind         |       |     1 |       ||     1
 Stab: Sleeping          |     1 |       |       ||     1
Armor: Robe              |    33 |    22 |     1 ||    56
Dodge: Dodged            |    42 |    45 |       ||    87
Block: Other             |    20 |    24 |       ||    44

Table legend: (Time is in decaauts)
 A = Elapsed time spent in this place.
 B = Non-inter-level travel time spent in this place.
 C = Inter-level travel time spent in this place.
 D = Time resting spent in this place.
 E = Time spent auto-exploring this place.
 F = Levels seen in this place.
 G = Mean time per level.
                   A        B        C        D        E       F      G
               +--------+--------+--------+--------+--------+-----+--------+
         Total |   3264 |   3011 |    253 |     39 |   2366 |   6 |  544.0 |
       Dungeon |   3066 |   2848 |    218 |     39 |   2210 |   5 |  613.2 |
        Temple |    197 |    162 |     35 |      0 |    156 |   1 |  197.0 |
               +--------+--------+--------+--------+--------+-----+--------+

Top non-repeatable levels by time:
     D:4: 805 daAuts
     D:2: 770 daAuts
     D:3: 638 daAuts
     D:1: 517 daAuts
     D:5: 335 daAuts
  Temple: 197 daAuts
